 Dungeon Crawl Stone Soup version 0.18.1-8-gdd0e5ea (webtiles) character file.

17377 Scarto the Fighter (level 12, -40/97 HPs)
             Began as a Demonspawn Fighter on May 22, 2016.
             Annihilated by a titanic slime creature (49 damage)
             ... on level 13 of the Dungeon.
             The game lasted 00:31:03 (9437 turns).

Scarto the Fighter (Demonspawn Fighter)             Turns: 9437, Time: 00:31:03

Health: -40/97     AC: 17    Str: 30    XL:     12   Next: 18%
Magic:  0/12       EV:  7    Int: 10    God:
Gold:   138        SH: 13    Dex: 12    Spells: 0 memorised, 11 levels left

rFire  . . .     SeeInvis .     z - +5 mace "Funeeth" {drain, +Inv rC+}
rCold  + + .     Gourm    .     w - +0 plate armour
rNeg   . . .     Faith    .     c - +1 shield
rPois  +         Spirit   +     l - +2 helmet "Demom" {+Fly rPois}
rElec  .         Dismiss  +     (no cloak)
rCorr  .         Reflect  .     (no gloves)
SustAt .         Harm     .     (boots unavailable)
MR     .....                    h - amulet of dismissal
Stlth  ..........               p - +6 ring of strength
                                u - ring of protection from cold

@: not resistant to hostile enchantments, extremely unstealthy
A: talons 3, blurry vision 1, demonic guardian 1, mutation resistance 1,
regeneration 1, strong 1, magic shield, magic regeneration, sturdy frame 1
a: Evoke Invisibility, Evoke Flight


You were on level 13 of the Dungeon.
You were not hungry.

You visited 2 branches of the dungeon, and saw 14 of its levels.

You collected 557 gold pieces.
You spent 419 gold pieces at shops.

Inventory:

Hand Weapons
 e - a +5 spear of venom
 z - the +5 mace "Funeeth" (weapon) {drain, +Inv rC+}
   (You found it on level 7 of the Dungeon)

   A truly terrible weapon, it drains the life of those it strikes.
   It protects you from cold.
   It lets you turn invisible.
Missiles
 n - 130 bolts
 y - 9 tomahawks (quivered)
Armour
 c - a +1 shield (worn)
 f - a +2 hat of spirit shield
 l - the +2 helmet "Demom" (worn) {+Fly rPois}
   (You bought it in a shop on level 10 of the Dungeon)

   It protects you from poison.
   It lets you fly.
 w - a +0 plate armour (worn)
Jewellery
 b - an uncursed ring of protection from cold
 h - an amulet of dismissal (around neck)
 i - an uncursed ring of see invisible
 p - a +6 ring of strength (right hand)
 u - a ring of protection from cold (left hand)
Wands
 g - a wand of flame (24/48)
 q - a wand of teleportation (1/9)
 s - a wand of teleportation (5/9)
Scrolls
 r - 2 scrolls of identify
 x - a scroll of teleportation
 E - 3 scrolls of remove curse
Potions
 j - a potion of berserk rage
 k - 6 potions of curing
 o - a potion of cancellation
 t - a potion of might
 v - a potion of resistance
 D - a potion of flight
Miscellaneous
 B - a sack of spiders
Comestibles
 a - 3 bread rations
 d - 3 slices of pizza
 m - 6 meat rations
 A - 10 royal jellies
 C - 2 chunks of flesh


   Skills:
 + Level 9.7 Fighting
   Level 2.3(7.5) Axes
 + Level 7.0(7.2) Maces & Flails
 + Level 8.7(8.9) Polearms
 + Level 9.0 Armour
 + Level 9.1 Shields


You had 11 spell levels left.
You didn't know any spells.

Dungeon Overview and Level Annotations

Branches:
Dungeon (13/15)            Temple (1/1) D:5            Lair (0/8) D:10
    Orc (0/2) D:11
 Vaults: D:13-14

Altars:
Ashenzari
Cheibriados
Dithmenos
Elyvilon
Fedhas
Gozag
Kikubaaqudgha
Makhleb
Nemelex Xobeh
Okawaru
Pakellas
Qazlal
Ru
Sif Muna
Trog
Vehumet
Xom
Yredelemnul
Zin
The Shining One

Shops:
D:10 [   D:13 *


Innate Abilities, Weirdness & Mutations

You have claws for feet.
A weak demonic guardian rushes to your aid.
When hurt, damage is shared between your health and your magic reserves.
You regenerate magic rapidly.
Your movements are slightly less encumbered by armour (ER -2).
Scrolls take you a little longer to read.
You are somewhat resistant to further mutation.
Your natural rate of healing is unusually fast.
Your muscles are strong. (Str +2)


Message History

Your crimson imp hits the titanic slime creature.
The vampire mosquito bites you but does no damage.
You block the vampire mosquito's attack.
Your crimson imp barely misses the titanic slime creature.
You block the vampire mosquito's attack.
You sock the vampire mosquito! Your kick misses the vampire mosquito.
The vampire mosquito is moderately damaged.
You block the vampire mosquito's attack.
The vampire mosquito completely misses you.
You block the titanic slime creature's attack.
You closely miss the vampire mosquito. Your kick misses the vampire mosquito.
The vampire mosquito is moderately damaged.
The vampire mosquito bites you but does no damage.
Your crimson imp hits the titanic slime creature but does no damage.
You block the vampire mosquito's attack.
Your ufetubus hits the vampire mosquito.
Your ufetubus completely misses the vampire mosquito.
The titanic slime creature hits you!!!
Ouch! That really hurt!
You die...

#.###.####.... #####.##..#
#.... #.....'..## #....
###.###.#### #....
#...#...# #.... #<###.###
#.... #...5...# ###..
###y##### ###.# #@J5.#
#.... ####.###### #....
#####'##...# #....
#####....§...#'####[...
#...'........'∩'.##....
.....###.......##'#..'....
..# #.......+..####....
#.......#### #÷÷÷.
#.......# ##'##


You could see a titanic slime creature, a vampire mosquito, a friendly crimson
imp and a friendly ufetubus.

Vanquished Creatures
  A catoblepas (D:13)
  A centaur warrior (D:13)
  A tengu warrior (D:13)
  3 hill giants
  2 ugly things
  A centaur zombie (D:10)
  Psyche (D:12)
  A gargoyle (D:10)
  A centaur skeleton (D:12)
  3 trolls
  A polar bear (D:8)
  A two-headed ogre (D:8)
  Grinder (D:3)
  15 yaks
  Eustachio (D:6)
  A shadow (D:9)
  A wyvern (D:8)
  A hippogriff (D:8)
  4 vampire mosquitoes
  Menkaure (D:7)
  4 sky beasts
  3 ice beasts
  2 orc warriors
  A wasp (D:12)
  3 phantoms
  A necrophage (D:11)
  An eye of draining (D:8)
  9 ogres
  15 centaurs
  6 giant frogs
  3 big kobolds
  A wyvern zombie (D:13)
  A scorpion (D:5)
  9 killer bees
  11 jellies
  An electric eel (D:8)
  5 howler monkeys
  A giant frog zombie (D:9)
  11 crimson imps
  4 hounds
  4 orc priests
  2 giant frog skeletons
  5 iguanas
  6 orc wizards
  12 worker ants
  A centaur simulacrum (D:8)
  A hound zombie (D:8)
  Robin (D:3)
  A gnoll (D:1)
  13 adders
  2 river rats (D:10)
  3 shadow imps
  7 white imps (D:8)
  An ufetubus (D:9)
  7 oozes
  3 adder skeletons
  3 worms
  A dart slug (D:3)
  An adder simulacrum (D:8)
  4 giant geckos
  40 orcs
  A ball python (D:2)
  9 bats
  5 giant cockroaches
  17 goblins
  10 hobgoblins
  17 jackals
  6 quokkas
  11 giant newts
  29 kobolds
  2 quokka skeletons
  3 rats (D:10)
  3 fungi (D:10)
  A plant (D:10)
366 creatures vanquished.

Vanquished Creatures (collateral kills)
  A deep elf mage (D:11)
  A gargoyle (D:11)
  A centaur skeleton (D:12)
  A troll (D:11)
  A yak (D:13)
  A vampire mosquito (D:12)
  A sky beast (D:7)
  A phantom (D:8)
  A centaur (D:11)
  A big kobold (D:7)
  A water moccasin zombie (D:11)
  A killer bee (D:8)
  A howler monkey (D:8)
  2 hounds
  An orc wizard (D:4)
  A giant gecko (D:8)
  A jackal (D:5)
18 creatures vanquished.

Vanquished Creatures (others)
  A fungus (D:10)
1 creature vanquished.

Grand Total: 385 creatures vanquished

Notes
Turn   | Place    | Note
--------------------------------------------------------------
     0 | D:1      | Scarto the Demonspawn Fighter began the quest for the Orb.
     0 | D:1      | Reached XP level 1. HP: 18/18 MP: 1/1
   154 | D:1      | Gained mutation: A weak demonic guardian rushes to your aid. [demonic ancestry]
   154 | D:1      | Reached XP level 2. HP: 21/24 MP: 2/2
   189 | D:1      | Reached skill level 1 in Polearms
   249 | D:1      | Gained mutation: You have sharp toenails. [demonic ancestry]
   249 | D:1      | Reached XP level 3. HP: 29/29 MP: 3/3
   292 | D:1      | You fall through a shaft!
   537 | D:2      | Gained mutation: You have razor-sharp toenails. [demonic ancestry]
   537 | D:2      | Reached XP level 4. HP: 30/35 MP: 4/4
  1108 | D:3      | Noticed Robin
  1120 | D:3      | Killed Robin
  1130 | D:3      | HP: 1/35 [goblin[Robin] (3)]
  1541 | D:3      | Noticed Grinder
  1548 | D:3      | Reached XP level 5. HP: 36/42 MP: 5/5
  1561 | D:3      | Killed Grinder
  1561 | D:3      | Reached XP level 6. HP: 36/48 MP: 6/6
  2454 | D:4      | Found an oddly glowing altar of Pakellas.
  2463 | D:4      | Gained mutation: When hurt, damage is shared between your health and your magic reserves. [demonic ancestry]
  2463 | D:4      | Reached XP level 7. HP: 55/55 MP: 7/7
  2519 | D:5      | Entered Level 5 of the Dungeon
  2553 | D:5      | Found a staircase to the Ecumenical Temple.
  2620 | D:5      | Reached skill level 5 in Fighting
  2649 | Temple   | Entered the Ecumenical Temple
  3236 | D:5      | Reached skill level 5 in Shields
  3236 | D:5      | Gained mutation: You have claws for feet. [demonic ancestry]
  3236 | D:5      | Reached XP level 8. HP: 56/63 MP: 6/8
  3468 | D:6      | Got a transparent long sword
  3469 | D:6      | Identified the cursed +0 long sword "Zesh" {venom, rElec SInv} (You found it on level 6 of the Dungeon)
  3506 | D:6      | Noticed Eustachio
  3519 | D:6      | Killed Eustachio
  3519 | D:6      | Reached skill level 5 in Armour
  3701 | D:6      | Gained mutation: Your body sometimes deteriorates upon taking damage. [mutagenic meat]
  3747 | D:6      | Reached skill level 5 in Polearms
  4064 | D:7      | Found a shimmering altar of Xom.
  4064 | D:7      | Found a shimmering altar of Xom.
  4073 | D:7      | Found a shimmering altar of Xom.
  4075 | D:7      | Found a shimmering altar of Xom.
  4075 | D:7      | Found a shimmering altar of Xom.
  4177 | D:7      | Got a dazzling mace
  4181 | D:7      | Identified the +5 mace "Funeeth" {drain, +Inv rC+} (You found it on level 7 of the Dungeon)
  4186 | D:7      | Noticed Menkaure
  4190 | D:7      | Killed Menkaure
  4190 | D:7      | Gained mutation: Your movements are slightly less encumbered by armour (ER -2). [demonic ancestry]
  4190 | D:7      | Reached XP level 9. HP: 71/71 MP: 9/9
  4212 | D:7      | Reached skill level 1 in Maces & Flails
  4218 | D:7      | Gained mutation: Your natural rate of healing is unusually fast. [mutagenic meat]
  4219 | D:7      | Gained mutation: Your body often deteriorates upon taking damage. [mutagenic meat]
  4241 | D:7      | Identified a scroll of acquirement
  4266 | D:7      | Lost mutation: Your body often deteriorates upon taking damage. [potion of cure mutation]
  4266 | D:7      | Lost mutation: Your body sometimes deteriorates upon taking damage. [potion of cure mutation]
  4443 | D:7      | Found a sacrificial altar of Ru.
  4444 | D:7      | Found a radiant altar of Vehumet.
  4710 | D:8      | Noticed a polar bear
  4741 | D:8      | Killed a polar bear
  4976 | D:8      | Found a shattered altar of Ashenzari.
  4986 | D:8      | Gained mutation: You regenerate magic rapidly. [demonic ancestry]
  4986 | D:8      | Reached XP level 10. HP: 34/79 MP: 5/10
  5270 | D:8      | Gained mutation: You are somewhat resistant to further mutation. [mutagenic meat]
  5730 | D:9      | Found a burning altar of Makhleb.
  5945 | D:9      | Found a blossoming altar of Fedhas.
  5947 | D:9      | Found a deep blue altar of Sif Muna.
  5952 | D:9      | Found an iron altar of Okawaru.
  6372 | D:9      | Gained mutation: Your muscles are strong. (Str +2) [potion of mutation]
  6481 | D:10     | Entered Level 10 of the Dungeon
  6580 | D:10     | Found a staircase to the Lair.
  6713 | D:10     | Noticed a hill giant
  6903 | D:10     | Noticed a gargoyle
  6931 | D:10     | Killed a gargoyle
  6931 | D:10     | Reached skill level 5 in Maces & Flails
  6996 | D:10     | Found a deep blue altar of Sif Muna.
  7164 | D:10     | Found Plog's Antique Armour Boutique.
  7167 | D:10     | Noticed a hill giant
  7174 | D:10     | Killed a hill giant
  7174 | D:10     | Reached XP level 11. HP: 75/87 MP: 9/11
  7183 | D:10     | Killed a hill giant
  7383 | D:10     | Bought a slimy helmet for 323 gold pieces
  7394 | D:10     | Identified the +2 helmet "Demom" {+Fly rPois} (You bought it in a shop on level 10 of the Dungeon)
  7904 | D:11     | Found a staircase to the Orcish Mines.
  7904 | D:11     | Noticed a deep elf mage
  7913 | D:11     | Killed a deep elf mage
  7980 | D:11     | Noticed a hill giant
  7990 | D:11     | Killed a hill giant
  8062 | D:11     | Found a deep blue altar of Sif Muna.
  8515 | D:12     | Noticed a green ugly thing
  8530 | D:12     | Killed a green ugly thing
  8607 | D:12     | Noticed Psyche
  8610 | D:12     | Killed Psyche
  8907 | D:12     | Noticed a purple ugly thing
  9080 | D:13     | Noticed a catoblepas
  9089 | D:13     | Killed a catoblepas
  9172 | D:13     | Found Wasuzuischy's General Store.
  9175 | D:13     | Bought a scroll of teleportation for 48 gold pieces
  9175 | D:13     | Bought a potion of curing for 48 gold pieces
  9176 | D:13     | Noticed a red ugly thing
  9187 | D:13     | Killed a red ugly thing
  9187 | D:13     | Reached XP level 12. HP: 79/96 MP: 10/12
  9192 | D:13     | Gained mutation: Scrolls take you a little longer to read. [mutagenic meat]
  9285 | D:13     | Noticed a centaur warrior
  9297 | D:13     | Killed a centaur warrior
  9307 | D:13     | Noticed a tengu warrior
  9325 | D:13     | Killed a tengu warrior
  9437 | D:13     | Annihilated by a titanic slime creature

Skill      XL: |  1  2  3  4  5  6  7  8  9 10 11 12 |
---------------+-------------------------------------+-----
Shields        | 3 4 5 6 8 9 |  9.1
Axes           | 2 |  2.3
Polearms       | 1 2 3 4 5 6 7 8 |  8.7
Armour         | 3 4 5 6 7 8 9 |  9.0
Fighting       | 4 5 6 7 8 9 |  9.7
Maces & Flails | 3 5 6 7 |  7.0

Action                   |  1- 3 |  4- 6 |  7- 9 | 10-12 || total
-------------------------+-------+-------+-------+-------++-------
Melee: Spear             |    90 |   156 |   216 |       ||   462
       Kick              |    11 |    41 |    98 |   279 ||   429
       Mace              |       |       |   126 |   750 ||   876
Throw: Tomahawk          |       |       |     4 |    11 ||    15
  Use: Scroll            |       |    12 |     9 |     5 ||    26
       Potion            |       |     1 |     1 |    12 ||    14
 Stab: Distracted        |       |       |     5 |     7 ||    12
  Eat: Bread ration      |       |     1 |       |     2 ||     3
       Chunk             |       |     1 |     8 |    12 ||    21
       Beef jerky        |       |       |     2 |     3 ||     5
       Fruit             |       |       |       |     2 ||     2
Armor: Scale mail        |    30 |    32 |    15 |       ||    77
       Plate armour      |       |       |    81 |   354 ||   435
Dodge: Dodged            |    19 |    19 |    60 |   184 ||   282
Block: Shield            |    50 |    53 |   144 |   499 ||   746
